Map: Cerulean Fall LE

Players

SIH - Winner!

  • Race: Terran Terran
  • League: Gold
  • Spawn Location: 7:00

Mesrob

  • Race: Terran Terran
  • League: Gold
  • Spawn Location: 1:00

VOD

Have the link to the VOD?

Description

Time

  • Played on: Jan. 12, 2019, 4:48 p.m.
  • Length: 14:30
Show
View Real Time Build Order
Export as new Build Order

SIH Terran - Winner!

Build Orders: Reaper Expand 

Get SALT Encoding   

  12  0:04  SCV  
  13  0:21  Supply Depot  
  13  0:23  SCV  
  14  0:35  SCV  
  15  0:43  Barracks  
  15  0:48  SCV  
  16  0:52  Refinery  
  16  1:00  SCV  
  17  1:12  SCV  
  18  1:24  SCV  
  19  1:36  Command Center  
  19  1:50  Reaper  
  20  1:54  Refinery  
  20  2:01  Orbital Command  
  20  2:35  SCV  
  20  2:36  Barracks  
  21  2:37  Barracks  
  21  2:40  Reaper  
  22  2:48  SCV  
  22  2:50  Orbital Command  
  23  2:54  Supply Depot  
  23  3:00  SCV  
  24  3:12  SCV  
  25  3:18  Supply Depot, Reaper  
  26  3:24  SCV  
  27  3:27  SCV  
  27  3:31  Factory  
  28  3:35  Refinery  
  28  3:36  SCV  
  28  3:39  Barracks Tech Lab, SCV  
  30  3:46  Barracks Reactor  
  30  3:48  SCV  
  31  3:51  SCV  
  32  3:57  Supply Depot  
  32  4:00  SCV  
  32  4:02  Marauder  
  35  4:03  SCV  
  36  4:12  SCV  
  36  4:13  Marine  
  36  4:14  Refinery  
  36  4:15  SCV  
  39  4:23  Marine  
  37  4:24  SCV  
  37  4:27  Marine x2, SCV  
  37  4:30  Factory Tech Lab  
  41  4:36  Supply Depot, SCV  
  42  4:39  SCV  
  43  4:49  Marine x3, Barracks Tech Lab  
  43  4:52  Siege Tank  
  49  4:58  Engineering Bay  
  49  4:59  SCV  
  51  5:00  Stimpack, SCV  
  51  5:03  Starport  
  51  5:11  Marine  
  51  5:12  SCV x2  
  51  5:13  Marauder x2  
  58  5:14  Marine  
  58  5:17  Combat Shield  
  59  5:23  Liberator  
  59  5:24  SCV x2  
  61  5:28  Marine  
  61  5:32  Marine  
  61  5:34  Marine  
  64  5:39  Marine  
  64  5:42  SCV x2  
  70  5:43  Terran Infantry Weapons Level 1  
  70  6:01  Marine x3  
  70  6:02  Marine  
  70  6:03  Command Center  
  74  6:05  Supply Depot  
  74  6:10  Siege Tank  
  77  6:12  Supply Depot  
  77  6:18  Liberator, SCV  
  78  6:27  Marine x4, SCV  
  86  6:41  Concussive Shells  
  86  6:44  Marine x2  
  88  6:49  Supply Depot, Armory  
  88  6:51  SCV x2  
  88  6:54  Engineering Bay  
  90  7:02  Marine x2  
  90  7:03  SCV  
  93  7:12  Marine x2  
  93  7:14  Siege Tank  
  98  7:20  Marine x2  
  100  7:26  Starport Reactor  
  100  7:30  Marauder x2  
  100  7:37  Orbital Command  
  104  7:38  Marine x2, SCV x2  
  108  7:49  Siege Tank  
  108  7:50  SCV x2  
  108  7:51  Starport, Marine x2  
  113  7:55  Terran Infantry Weapons Level 2  
  115  8:02  SCV  
  116  8:06  SCV  
  117  8:20  Supply Depot  
  117  8:23  Supply Depot  
  117  8:24  Liberator  
  117  8:27  Supply Depot, Liberator  
  117  8:33  Terran Infantry Armor Level 1  
  117  8:35  Fusion Core, Terran Vehicle And Ship Armor Level 1  
  117  8:39  Refinery  
  117  8:41  Marine x2, SCV  
  117  8:42  Marauder  
  117  8:44  SCV  
  117  8:45  Marauder, SCV  
  132  8:49  Siege Tank  
  132  8:52  Supply Depot  
  132  8:53  SCV  
  136  8:57  SCV x2  
  136  9:02  Marine x2  
  140  9:04  Starport Tech Lab  
  140  9:09  SCV  
  141  9:14  Marauder x2, SCV x2  
  141  9:17  Refinery  
  147  9:19  Marine  
  147  9:20  Marine  
  149  9:35  Command Center  
  149  9:40  Advanced Ballistics  
  149  9:56  Supply Depot  
  149  9:57  Marine x2, SCV x3  
  149  9:58  Marauder  
  156  10:01  Liberator x2  
  156  10:09  SCV  
  157  10:18  SCV x2  
  165  10:39  Supply Depot  
  165  10:46  Marine, Medivac, Siege Tank, SCV x3  
  165  10:47  Marauder  
  176  10:59  SCV  
  176  11:01  Medivac  
  176  11:03  Supply Depot  
  179  11:06  Marine x2  
  179  11:08  Liberator  
  179  11:10  Marine x2  
  183  11:16  Medivac  
  185  11:19  Siege Tank  
  185  11:24  Marine x2  
  190  11:28  Marine  
  194  11:33  Terran Vehicle Weapons Level 1  
  194  11:34  Marine  
  195  11:42  Marine  
  196  12:10  Barracks  
  196  12:11  Supply Depot  
  196  12:13  Supply Depot  
  196  12:15  Liberator  
  196  12:16  Liberator  
  196  12:18  Factory, Command Center  
  196  12:26  Medivac  
  195  12:33  Siege Tank  
  183  12:42  Marine x2  
  183  12:43  Marine x2  
  148  12:56  Medivac  
  150  13:00  Marine x2  
  150  13:01  Marine x2  
  150  13:05  Siege Tank  
  154  13:08  Liberator  
  154  13:09  Liberator  
  154  13:15  Medivac  
  154  13:18  Marine x3  
  154  13:19  Marine  
  166  13:28  Liberator  
  165  13:36  Marine x4  
  165  13:37  Siege Tank  
  164  13:56  Marine x4  
Show
View Real Time Build Order
Export as new Build Order

Mesrob Terran 

Build Orders: Mech 

Get SALT Encoding   

  12  0:00  SCV  
  13  0:12  SCV  
  14  0:22  Supply Depot  
  14  0:24  SCV  
  15  0:44  SCV  
  15  0:45  Barracks  
  15  0:48  Refinery  
  16  0:56  SCV  
  17  1:08  SCV  
  18  1:20  SCV  
  19  1:33  Orbital Command  
  19  1:42  Marine  
  19  1:43  Command Center  
  20  2:01  SCV  
  20  2:03  Bunker  
  21  2:13  SCV  
  21  2:15  Factory  
  22  2:25  Barracks Tech Lab  
  22  2:26  SCV  
  22  2:37  Supply Depot  
  22  2:38  SCV  
  23  3:01  Refinery  
  23  3:04  Supply Depot  
  23  3:07  Supply Depot  
  23  3:08  Marine  
  23  3:12  Siege Tank  
  27  3:18  Orbital Command  
  27  3:23  SCV  
  28  3:30  Engineering Bay  
  28  3:43  SCV  
  28  3:44  Siege Tank, SCV  
  33  4:01  SCV  
  33  4:02  SCV  
  35  4:03  Missile Turret  
  35  4:13  SCV  
  35  4:14  SCV  
  35  4:15  Armory  
  35  4:16  Siege Tank  
  40  4:20  Refinery  
  40  4:32  Missile Turret  
  40  4:37  Missile Turret  
  40  5:00  Refinery, SCV  
  40  5:01  SCV  
  42  5:09  Supply Depot  
  42  5:11  Terran Vehicle Weapons Level 1  
  42  5:16  Siege Tank  
  42  5:18  Missile Turret  
  45  5:30  Factory  
  45  5:31  Supply Depot  
  45  5:39  Missile Turret  
  45  5:45  SCV  
  45  5:47  Thor  
  45  5:49  SCV  
  53  5:53  Supply Depot  
  53  5:57  SCV  
  53  6:01  SCV  
  53  6:02  Missile Turret  
  55  6:09  SCV  
  55  6:10  Command Center  
  56  6:16  Supply Depot  
  56  6:23  Missile Turret  
  56  6:40  SCV  
  56  6:41  Missile Turret x2, SCV  
  56  6:46  Factory Reactor  
  58  6:50  Missile Turret  
  58  6:51  Factory  
  58  6:52  SCV  
  58  6:54  Thor  
  65  7:07  Terran Vehicle And Ship Armor Level 1  
  65  7:10  Armory  
  65  7:11  Missile Turret  
  65  7:12  Missile Turret  
  65  7:25  SCV  
  65  7:26  SCV  
  67  7:33  Marine, Missile Turret  
  67  7:36  Hellbat x2  
  72  7:37  SCV  
  72  7:38  SCV  
  74  7:46  Sensor Tower  
  74  7:48  Planetary Fortress  
  74  7:49  SCV  
  74  7:50  SCV  
  76  7:58  Refinery, Supply Depot  
  76  8:01  SCV  
  76  8:02  SCV  
  78  8:08  Missile Turret  
  78  8:14  SCV  
  78  8:15  Terran Vehicle Weapons Level 2  
  78  8:18  Factory Tech Lab  
  78  8:19  Refinery  
  79  8:21  Factory  
  79  8:27  Supply Depot, Thor  
  79  8:29  Missile Turret  
  79  8:32  SCV  
  79  8:33  SCV x2  
  88  8:44  SCV  
  88  8:45  SCV  
  90  8:49  Supply Depot  
  90  8:50  Missile Turret  
  90  8:58  Sensor Tower  
  90  9:01  SCV  
  90  9:02  SCV x2  
  93  9:07  Factory Tech Lab  
  93  9:08  Hellbat  
  95  9:11  Missile Turret  
  95  9:12  Supply Depot  
  95  9:13  SCV  
  95  9:14  SCV x2  
  98  9:19  Factory  
  98  9:25  SCV  
  98  9:26  SCV, Thor  
  98  9:29  Thor  
  112  9:34  Supply Depot  
  112  9:37  Thor  
  118  9:47  Hellbat x2  
  122  9:57  Supply Depot  
  122  9:58  SCV x2  
  122  9:59  SCV  
  125  10:04  Command Center  
  125  10:06  Factory Reactor  
  125  10:10  SCV  
  125  10:11  SCV  
  125  10:12  Starport  
  127  10:19  Supply Depot  
  127  10:20  Hellbat x2  
  131  10:27  SCV  
  132  10:39  Refinery  
  132  10:42  Supply Depot  
  132  10:43  Refinery  
  132  10:47  Thor x2  
  132  10:48  Thor  
  132  10:49  Starport  
  144  11:04  Supply Depot  
  144  11:13  Hellbat x3  
  150  11:26  Starport  
  150  11:30  Thor x2  
  162  11:56  SCV  
  162  11:59  Sensor Tower  
  163  12:06  Command Center  
  163  12:12  Starport  
  163  12:22  Fusion Core  
  163  12:26  Supply Depot  
  103  12:44  Thor x3  
  103  12:46  Hellbat x3  
  103  12:49  Supply Depot  
  115  12:51  Starport  
  85  13:13  Supply Depot  
  79  13:27  Starport, Thor x2  
  90  13:36  Supply Depot  
  90  13:41  Starport Tech Lab x4, Command Center  
  78  13:42  Starport Tech Lab  
  78  13:46  Thor  
  78  13:47  Hellbat x3  
  78  13:48  Hellbat  
Tags
 
Composition
Mech
League
GoldGold
Matchup
TvT
Race
Terran
Replay Pack
sc2 replays
Spawn Locations
Cross Positions
Add a new tag
Caveats
  • Supply blocks, unpowered buildings, or Contaminate may cause inaccurate times.
  • Supply counts are checked every 10 seconds.